 Dungeon Crawl Stone Soup version 0.25-a0-435-g4b9beb1024 (webtiles) character file.

Game seed: 10434201290825374560, levelgen mode: deterministic

339420 Bidonsky the Crack Shot (level 21, -1/182 HPs)
             Began as a Minotaur Hunter on Jan 26, 2020.
             Was an Initiate of Gozag.
             Killed from afar by an acid blob (3 damage)
             ... with a splash of acid
             ... on level 5 of the Pits of Slime.
             The game lasted 05:19:44 (61742 turns).

Bidonsky the Crack Shot (Minotaur Hunter)          Turns: 61742, Time: 05:19:45

Health: -1/182     AC: 20    Str: 36    XL:     21   Next: 35%
Magic:  19/24      EV: 24    Int: 10    God:    Gozag
Gold:   2730       SH:  0    Dex: 25    Spells: 17/20 levels left

rFire    + + +     SeeInvis .   r - +6 longbow of Zuepatap {flame, +Fly rF++ Dex+2 Stlth+}
rCold    + . .     Gourm    .   (shield currently unavailable)
rNeg     + . .     Faith    .   S - +6 acid dragon scales "Gidessui" {rCorr Dex+2}
rPois    +         Spirit   .   H - +2 hat {MR+}
rElec    +         Reflect  .   y - +2 cloak {rPois}
rCorr    +         Harm     .   R - +2 pair of gloves of Least Resistance {rN+ Dex+4}
MR       ++++.     Rnd*Rage +   b - +2 pair of boots Stlth +++.......Rnd*Tele +
                                x - necklace of Bloodlust {*Rage +Rage MR++ Int-3 Slay+6 *Curse}
HPRegen  0.40/turn              z - ring "Afoassun" {Str+7 Int+3 Stlth-}
MPRegen  0.19/turn              W - ring "Doleluma" {rF+ Str+6 Int+2}

@: resistant, corroded, very slightly contaminated, hasted, studying Polearms,
invisible, very quick
A: retaliatory headbutt, horns 2, berserk 2, blurry vision 1, frail 1, low mp 1,
strong 1, teleportitis 1, no potion heal 1
}: 1/15 runes: decaying
a: Potion Petition, Call Merchant, Bribe Branch, Renounce Religion, Evoke
Berserk Rage, Evoke Flight


You were on level 5 of the Pits of Slime.
You worshipped Gozag.
Gozag was most pleased with you.
You were not hungry.

You visited 9 branches of the dungeon, and saw 40 of its levels.
You visited the Abyss 1 time.
You also visited: Trove, Sewer, Ossuary, Bailey and Gauntlet.

You collected 19961 gold pieces.
You spent 15604 gold pieces at shops.
You paid 1627 gold pieces to Gozag.

Inventory:

Hand Weapons
 r - the +6 longbow of Zuepatap (weapon) {flame, +Fly rF++ Dex+2 Stlth+}
   (You acquired it on level 7 of the Dungeon)

   It causes projectiles fired from it to burn those they strike, causing extra
   injury to most foes and up to half again as much damage against particularly
   susceptible opponents.
   It affects your dexterity (+2).
   It greatly protects you from fire.
   It lets you fly.
   It makes you more stealthy.
 u - the +10 long sword "Vude" {vorpal, rC+ Str+4 Stlth+}
   (You found it on level 8 of the Dungeon)

   It inflicts extra damage upon your enemies.
   It affects your strength (+4).
   It protects you from cold.
   It makes you more stealthy.
Missiles
 k - 127 arrows (quivered)
 D - 13 silver javelins
Armour
 b - a +2 pair of boots (worn)
 y - a +2 cloak of poison resistance (worn)
 A - the +6 chain mail "Talong" {rElec Regen+ Str-4 Dex+3}
   (You found it on level 4 of the Lair of Beasts)

   It affects your strength (-4).
   It affects your dexterity (+3).
   It insulates you from electricity.
   It increases your rate of regeneration.
   If you switch to wearing this armour, your AC will rise 4 points (20 -> 24)
 F - a +3 buckler of protection
 H - a +2 hat of magic resistance (worn)
 P - +4 shadow dragon scales
 R - the +2 pair of gloves of Least Resistance (worn) {rN+ Dex+4}
   (You bought it in a shop on level 12 of the Dungeon)

   It affects your dexterity (+4).
   It protects you from negative energy.
   If you remove this armour, your AC will fall 3 points (20 -> 17)
 S - the +6 acid dragon scales "Gidessui" (worn) {rCorr Dex+2}
   (You bought it in a shop on level 12 of the Dungeon)

   It affects your dexterity (+2).
   It provides partial protection from all sources of acid and corrosion.
   If you remove this armour, your AC will fall 16 points (20 -> 4)
Jewellery
 m - an uncursed ring of ice
 q - the ring "Arynubb" {MP+9 AC+2 Dex-4 Slay+4}
   (You found it in a treasure trove)

   [ring of protection]

   It affects your AC (+2).
   It affects your dexterity (-4).
   It affects your accuracy and damage with ranged weapons and melee attacks
   (+4).
   It affects your magic capacity (+9).
 x - the necklace of Bloodlust (around neck) {*Rage +Rage MR++ Int-3 Slay+6 *Curse}
   (You found it in a treasure trove)

   [amulet of rage]

   It affects your intelligence (-3).
   It affects your accuracy and damage with ranged weapons and melee attacks
   (+6).
   It affects your resistance to hostile enchantments.
   It lets you go berserk.
   It may make you go berserk in combat.
   It curses itself when equipped.
 z - the ring "Afoassun" (left hand) {Str+7 Int+3 Stlth-}
   (You found it in a treasure trove)

   [ring of intelligence]

   It affects your strength (+7).
   It affects your intelligence (+3).
   It makes you less stealthy.
 C - an uncursed ring of stealth
 I - the ring of Pyqoestru {rN+ Str+3 SInv}
   (You acquired it on level 2 of the Lair of Beasts)

   [ring of positive energy]

   It affects your strength (+3).
   It protects you from negative energy.
   It lets you see invisible.
 V - a +4 ring of dexterity
 W - the ring "Doleluma" (right hand) {rF+ Str+6 Int+2}
   (You found it in a treasure trove)

   [ring of intelligence]

   It affects your strength (+6).
   It affects your intelligence (+2).
   It protects you from fire.
 Y - a +4 amulet of reflection
 Z - the amulet of Zeumoq {Acrobat -Tele rElec rPois Dex+6}
   (You found it in a treasure trove)

   [amulet of the acrobat]

   It helps you evade while moving and waiting.
   It affects your dexterity (+6).
   It insulates you from electricity.
   It protects you from poison.
   It prevents most forms of teleportation.
Wands
 c - a wand of acid (19)
 G - a wand of digging (6)
 J - a wand of disintegration (28)
 K - a wand of flame (61)
 N - a wand of scattershot (9)
Scrolls
 h - a scroll of magic mapping
 n - 5 scrolls of teleportation
 p - a scroll of identify
 w - 10 scrolls of remove curse
 E - 2 scrolls of amnesia
 M - 7 scrolls of fear
 O - a scroll of fog
 U - a scroll of summoning
Potions
 e - 4 potions of ambrosia
 g - 6 potions of flight
 i - 2 potions of might
 o - a potion of resistance
 s - 3 potions of berserk rage
 L - 3 potions of invisibility
 Q - 2 potions of agility
Books
 t - a manual of Polearms
Miscellaneous
 a - 2 sacks of spiders
 d - a fan of gales
 v - a lamp of fire
 X - a lamp of fire
Comestibles
 f - 5 rations


   Skills:
 * Level 20.9 Fighting
 * Level 13.9 Long Blades
   Level 0.3(10.1) Axes
   Level 9.3 Maces & Flails
 * Level 12.6 Polearms
 * Level 23.9 Bows
 - Level 0.3 Throwing
 * Level 14.6 Armour
 * Level 11.5 Dodging
 + Level 4.5 Stealth
 - Level 6.9 Shields
 * Level 9.4 Evocations


You had 17 spell levels left.
You knew the following spells:

 Your Spells              Type           Power        Failure   Level  Hunger
a - Summon Small Mammal   Summ           #...         38%         1    ##.....
b - Poisonous Vapours     Pois/Air       #.....       54%         2    ###....

Your spell library contained the following spells:

 Spells                   Type           Power        Failure   Level  Hunger
 Corona                   Hex            #......      38%         1    ##.....
 Foxfire                  Conj/Fire      #...         38%         1    ##.....
 Shock                    Conj/Air       #...         38%         1    ##.....
 Sting                    Tmut/Pois      #...         38%         1    ##.....
 Call Imp                 Summ           #.......     54%         2    ###....
 Corpse Rot               Necr/Air       N/A          54%         2    ###....
 Ensorcelled Hibernation  Hex/Ice        #.....       54%         2    ###....
 Sublimation of Blood     Necr           #.........   54%         2    ###....
 Swiftness                Chrm/Air       #.......     54%         2    ###....
 Call Canine Familiar     Summ           #.......     77%         3    ####...
 Confusing Touch          Hex            #.......     77%         3    ####...
 Conjure Flame            Conj/Fire      #.......     77%         3    ####...
 Dazzling Flash           Conj/Hex       #.....       77%         3    ####...
 Gell's Gravitas          Tloc           #.........   77%         3    ####...
 Ignite Poison            Fire/Tmut/Pois #.......     77%         3    ####...
 Inner Flame              Hex/Fire       #.......     77%         3    ####...
 Mephitic Cloud           Conj/Pois/Air  #.......     77%         3    ####...
 Static Discharge         Conj/Air       #.......     77%         3    ####...
 Summon Guardian Golem    Hex/Summ       #.......     77%         3    ####...
 Tukima's Dance           Hex            #.......     77%         3    ####...
 Airstrike                Air            #.........   99%         4    #####..
 Dispel Undead            Necr           #.......     99%         4    #####..
 Ice Form                 Ice/Tmut       #.......     99%         4    #####..
 Leda's Liquefaction      Hex/Erth       #.........   99%         4    #####..
 Olgreb's Toxic Radiance  Pois           #.......     99%         4    #####..
 Petrify                  Tmut/Erth      #.......     99%         4    #####..
 Sticky Flame             Conj/Fire      #.......     99%         4    #####..
 Summon Ice Beast         Ice/Summ       #.......     99%         4    #####..
 Summon Lightning Spire   Summ/Air       #.......     99%         4    #####..
 Agony                    Necr           #.......     100%        5    ######.
 Bolt of Magma            Conj/Fire/Erth #.........   100%        5    ######.
 Excruciating Wounds      Chrm/Necr      #.........   100%        5    ######.
 Fireball                 Conj/Fire      #.........   100%        5    ######.
 Iskenderun's Battlesphe  Conj/Chrm      #.......     100%        5    ######.
 Lightning Bolt           Conj/Air       #.........   100%        5    ######.
 Metabolic Englaciation   Hex/Ice        #.........   100%        5    ######.
 Silence                  Hex/Air        #.........   100%        5    ######.
 Yara's Violent Unravell  Hex/Tmut       #.........   100%        5    ######.
 Conjure Ball Lightning   Conj/Air       #.........   100%        6    #######
 Death Channel            Necr           #.........   100%        6    #######
 Deflect Missiles         Chrm/Air       #.........   100%        6    #######
 Eringya's Noxious Bog    Tmut/Pois      #.........   100%        6    #######
 Freezing Cloud           Conj/Ice/Air   #.........   100%        6    #######
 Hydra Form               Tmut           #.........   100%        6    #######
 Iron Shot                Conj/Erth      #.........   100%        6    #######
 Ozocubu's Refrigeration  Ice            #.........   100%        6    #######
 Simulacrum               Ice/Necr       #.........   100%        6    #######
 Statue Form              Tmut/Erth      #........    100%        6    #######
 Orb of Destruction       Conj           #.........   100%        7    #######
 Spellforged Servitor     Conj/Summ      #.........   100%        7    #######
 Shatter                  Erth           #.........   100%        9    #######
 Tornado                  Air            #.........   100%        9    #######


Dungeon Overview and Level Annotations

Branches:
Dungeon (15/15)            Temple (0/1) D:4            Lair (6/6) D:9
  Swamp (4/4) Lair:2       Spider (0/4) Lair:2        Slime (5/5) Lair:6
    Orc (2/2) D:9             Elf (2/3) Orc:2        Vaults (2/5) D:14
 Depths (3/5) D:15           Hell (visited)           Sewer (visited)
Ossuary (visited)          Bailey (visited)         Gauntlet (visited)
  Crypt: Vaults:2-3     Dis: Hell:1         Geh: Hell:1         Coc: Hell:1
    Tar: Hell:1

Altars:
Ashenzari
Elyvilon
Fedhas
Gozag
Kikubaaqudgha
Nemelex Xobeh
Sif Muna
Trog
Xom
Yredelemnul
The Shining One
Beogh
Jiyva

Shops:
D:4 *   D:7 [   D:9 =   D:11 :   D:12 [   Orc:2 *%(!   Elf:1 (!   Vaults:1 [
Depths:1 }==   Depths:2 !

Portals:
Hell: Depths:1 Depths:2 Depths:3
Ziggurat: Depths:1

Annotations:
Elf:1 3 runed translucent doors
Hell Geryon


Innate Abilities, Weirdness & Mutations

You reflexively headbutt those who attack you in melee.
You have a pair of horns on your head.
You often lose your temper in combat.
Scrolls take you a little longer to read.
You are frail. (-10% HP)
Your magical capacity is low. (-10% MP)
Your muscles are strong. (Str +2)
You are occasionally teleported next to monsters.
Potions are less effective at restoring your health.


Message History

* * * LOW HITPOINT WARNING * * *
You're too confused!
You feel protected.
You feel less invigorated.
You feel less confused. The acid blob spits acid at you.
The splash of acid hits you but does no damage.
You are splashed with acid!
You resist.
* * * LOW HITPOINT WARNING * * *
The eye of draining gazes at you.
You feel your power leaking away. The acid blob spits acid at you.
The splash of acid hits you. You resist.
* * * LOW HITPOINT WARNING * * *
You are splashed with acid.
You resist.
* * * LOW HITPOINT WARNING * * *
The acid blob spits acid at you. The splash of acid hits you. You resist.
You die...
Your body crumbles into a pile of gold.

##.......
##........
##.........
#..........
#..........
#..........
##..........
##...@........
###.............
#...............
##.............. $
#.....JJ........
###...............
..................
#....J............
..................


You could see 3 acid blobs.

Vanquished Creatures
  the Royal Jelly (Slime:5)
  The ghost of LostGamesStreakFreak the Markscentaur, a veteran CeHu of Okawaru (Depths:2)
  Jory (Vaults:2)
  Rupert (D:14)
  Jorgrun (Swamp:2)
  13 acid blobs
  A tengu reaver (Depths:2)
  4 thorn hunters
  Donald (Vaults:2)
  Roxanne (D:14)
  16 azure jellies
  5 fire giants
  2 iron dragons
  3 frost giants
  4 deep elf sorcerers
  An orc warlord (Vaults:1)
  A deep elf elementalist (Elf:1)
  5 vault wardens
  7 stone giants
  17 very ugly things
  4 ironheart preservers
  4 entropy weavers
  A vampire knight (Depths:2)
  The ghost of kae the Fighter, a journeyman DrAE of Vehumet (Lair:2)
  A minotaur (Gauntlet)
  A deep elf demonologist (Elf:1)
  A deep elf annihilator (Elf:1)
  4 spark wasps (Depths:2)
  8 ettins
  3 yaktaur captains
  2 death oozes (Slime:5)
  3 fire dragons
  Josephine (D:10)
  2 deep elf death magi
  2 deep elf high priests (Elf:1)
  7 great orbs of eyes
  7 rakshasas
  Fannar (D:11)
  8 vault guards
  3 ice dragons
  A spriggan air mage (Depths:1)
  23 hydras
  A hell beast (Depths:1)
  9 centaur warriors
  A ghost crab (Swamp:4)
  A merfolk avatar (Lair:6)
  2 catoblepae
  A death knight (Vaults:1)
  9 ogre magi
  2 deep troll shamans (Depths:1)
  2 queen ants
  14 alligators
  A deep troll earth mage (Depths:1)
  37 two-headed ogres
  4 tengu warriors
  4 orc high priests
  A sun demon (Depths:2)
  The ghost of Tenar the Fighter, a novice GrBe of Trog (D:9)
  A shock serpent (D:13)
  A titan zombie (Depths:1)
  Sonja (Lair:3)
  142 slime creatures
  13 deep elf knights
  An iron troll (Depths:1)
  5 deep trolls (Depths:1)
  A sixfirhy (Gauntlet)
  3 glowing orange brains (Depths:2)
  6 skeletal warriors
  2 unseen horrors
  9 deep elf archers
  A spriggan druid (Swamp:4)
  7 wizards
  10 swamp dragons
  5 ironbrand convokers
  The ghost of tilp the Gusty, a novice TeAE of Sif Muna (D:7)
  Pikel (D:4)
  13 orc knights
  A phantasmal warrior (Vaults:1)
  3 necromancers
  38 deep elf magi
  7 orc sorcerers
  A stone giant zombie (Vaults:1)
  34 ugly things
  A moth of wrath (shapeshifter) (Depths:1)
  4 manticores
  A moth of wrath (Lair:2)
  8 cyclopes
  5 shining eyes
  A molten gargoyle (Gauntlet)
  4 black mambas
  9 elephants
  A gargoyle (Gauntlet)
  11 eyes of devastation
  Maggie (D:6)
  3 vault sentinels
  A rust devil (Depths:1)
  14 spiny frogs
  28 yaktaurs
  9 rime drakes
  5 efreet
  5 freezing wraiths
  6 kobold demonologists
  A harpy zombie (Vaults:1)
  A red devil (Depths:1)
  6 komodo dragons
  4 tengu conjurers (Depths:2)
  A jumping spider (Vaults:2)
  5 trolls
  A wind drake (Lair:6)
  4 polar bears
  A queen bee (shapeshifter) (D:14)
  Grinder (D:4)
  9 tyrant leeches
  9 hornets
  5 raiju (D:13)
  A blink frog (shapeshifter) (Elf:1)
  11 bog bodies
  15 blink frogs
  10 hippogriffs
  A meliai zombie (D:15)
  An ettin zombie (Vaults:1)
  A frost giant simulacrum (Depths:1)
  2 shadows
  2 vampires
  3 water elementals (Elf:1)
  10 spriggans
  A redback (shapeshifter) (Elf:1)
  An air elemental (Elf:1)
  5 wraiths (D:10)
  8 wyverns
  23 yaks
  7 redbacks
  Eustachio (D:4)
  2 fire elementals (Elf:1)
  A hungry ghost (D:12)
  10 golden eyes
  A golden eye (shapeshifter) (Vaults:1)
  2 basilisks
  11 vampire mosquitoes
  Edmund (D:4)
  4 insubstantial wisps (Swamp:2)
  20 wargs
  5 acid dragons
  13 swamp worms
  Duvessa (D:7)
  A floating eye (shapeshifter) (Depths:1)
  A hell hound (Hell)
  30 soldier ants
  12 water moccasins
  6 porcupines
  An ice beast (shapeshifter) (D:15)
  62 orc warriors
  A hornet zombie (D:15)
  3 ettin simulacra (Depths:2)
  8 phantoms
  5 sky beasts
  A slave (D:4)
  14 swamp drakes
  14 eyes of draining
  4 ice beasts
  A necrophage (D:14)
  15 wolves
  21 ogres
  12 crocodiles
  4 boggarts
  17 centaurs
  12 big kobolds
  An elf zombie (Ossuary)
  11 bullfrogs
  4 earth elementals (Elf:1)
  2 wyvern zombies
  A glowing shapeshifter simulacrum (Vaults:1)
  A hornet simulacrum (D:9)
  Dowan (D:7)
  5 scorpions
  13 killer bees
  11 wights
  2 howler monkeys
  5 electric eels
  9 crimson imps
  2 centaur zombies (Ossuary)
  A human simulacrum (Vaults:1)
  A wyvern simulacrum (D:7)
  3 quasits
  7 centaur skeletons
  13 hounds
  5 jellies
  33 orc priests
  6 bullfrog skeletons
  36 orc wizards
  4 bullfrog zombies
  5 human zombies
  5 iguanas
  30 worker ants
  A killer bee zombie (D:5)
  2 hound zombies (D:6)
  A hound skeleton (D:7)
  3 mummies (Ossuary)
  2 worker ant zombies
  6 gnolls
  14 adders
  2 river rats (Sewer)
  6 shadow imps
  6 white imps
  A worker ant simulacrum (D:9)
  5 ufetubi
  4 oozes
  3 adder zombies
  A worm (D:2)
  2 adder simulacra
  3 dart slugs
  7 leopard geckos
  151 orcs
  A ball python (D:5)
  9 giant cockroaches
  2 gnoll zombies (Ossuary)
  23 goblins
  25 hobgoblins
  13 jackals
  22 kobolds
  7 quokkas
  6 bats
  6 frilled lizards
  4 hobgoblin zombies (Ossuary)
  2 jackal skeletons
  3 jackal zombies (Ossuary)
  7 kobold zombies (Ossuary)
  An orc zombie (Ossuary)
  2 quokka zombies
  12 rats
  7 rat zombies (Ossuary)
  3 bushes (Lair:1)
  A demonic plant (Gauntlet)
  14 plants
1762 creatures vanquished.

Vanquished Creatures (others)
  2 dancing weapons (Elf:1)
  2 yaktaurs
  A slave (D:4)
  An orc priest (Elf:1)
  An orc wizard (Elf:1)
  2 orcs
  A kobold (D:4)
  A bush (Lair:1)
  2 demonic plants (Gauntlet)
  2 fungi
  7 plants
22 creatures vanquished.

Grand Total: 1784 creatures vanquished

Notes
Turn   | Place    | Note
-------+----------+-------------------------------------------
     0 | D:1      | Bidonsky the Minotaur Hunter began the quest for the Orb.
     0 | D:1      | Reached XP level 1. HP: 18/18 MP: 0/0
   100 | D:1      | Reached XP level 2. HP: 25/25 MP: 1/1
   233 | D:1      | Reached skill level 5 in Bows
   654 | D:2      | Reached XP level 3. HP: 30/30 MP: 2/2
   783 | D:2      | Found a shimmering blue altar of Sif Muna.
  1227 | D:3      | Reached skill level 1 in Maces & Flails
  1387 | D:3      | Reached XP level 4. HP: 32/37 MP: 3/3
  1489 | D:3      | Reached skill level 1 in Stealth
  1980 | D:3      | Reached XP level 5. HP: 44/44 MP: 4/4
  2392 | D:4      | Noticed Grinder
  2407 | D:4      | Paralysed by Grinder for 4 turns
  2608 | D:4      | Paralysed by Grinder for 5 turns
  2623 | D:4      | Killed Grinder
  2623 | D:4      | Reached skill level 5 in Maces & Flails
  2623 | D:4      | Reached XP level 6. HP: 31/50 MP: 5/5
  2937 | D:4      | Noticed a slave
  2947 | D:4      | Noticed Pikel
  2948 | D:4      | Noticed a slave
  2948 | D:4      | Noticed a slave
  2948 | D:4      | Noticed a slave
  3285 | D:4      | Found an opulent altar of Gozag.
  3285 | D:4      | Found Gozag's Platinum Reserve.
  3311 | D:4      | Became a worshipper of Gozag Ym Sagoz the Greedy
  3430 | D:4      | Reached XP level 7. HP: 18/56 MP: 6/6
  3799 | D:4      | Killed Pikel
  3799 | D:4      | Reached skill level 7 in Bows
  4218 | D:4      | Reached XP level 8. HP: 66/66 MP: 0/7
  4246 | D:4      | Found a bloodstained altar of Trog.
  4302 | D:4      | Found a staircase to the Ecumenical Temple.
  4302 | D:4      | Noticed Eustachio
  4328 | D:5      | Entered Level 5 of the Dungeon
  4348 | D:5      | Found a glowing drain.
  4362 | Sewer    | Entered a sewer
  4369 | Sewer    | Reached skill level 8 in Bows
  4497 | Sewer    | Found a white marble altar of Elyvilon.
  5000 | D:5      | Found a sparkling altar of Nemelex Xobeh.
  5027 | D:5      | Reached skill level 5 in Fighting
  5051 | D:5      | Reached skill level 9 in Bows
  5246 | D:5      | Found a shattered altar of Ashenzari.
  5570 | D:4      | Noticed Edmund
  5593 | D:4      | Killed Edmund
  5823 | D:4      | Killed Eustachio
  5823 | D:4      | Reached XP level 9. HP: 44/74 MP: 8/8
  5868 | D:5      | Gained mutation: Your body sometimes deteriorates upon
                  | taking damage. [potion of mutation]
  5868 | D:5      | Gained mutation: Your spells are a little easier to cast,
                  | but a little less powerful. [potion of mutation]
  5868 | D:5      | Gained mutation: Your movements are slightly less
                  | encumbered by armour. (ER -2) [potion of mutation]
  5933 | D:6      | Found a sand-covered staircase.
  5957 | Ossuary  | Entered an ossuary
  6333 | D:6      | Reached skill level 10 in Bows
  6954 | D:6      | Noticed Maggie
  7012 | D:6      | Killed Maggie
  7515 | D:7      | Identified a scroll of acquirement
  7515 | D:7      | Identified the +6 longbow of Zuepatap {flame, +Fly rF++
                  | Dex+2 Stlth+} (You acquired it on level 7 of the Dungeon)
  7551 | D:7      | Noticed Duvessa
  7551 | D:7      | Noticed Dowan
  7558 | D:7      | Killed Duvessa
  7558 | D:7      | Reached skill level 5 in Armour
  7570 | D:7      | Killed Dowan
  7613 | D:7      | Reached skill level 11 in Bows
  7796 | D:7      | Found a flagged portal.
  7808 | Bailey   | Entered a bailey
  7856 | Bailey   | Reached XP level 10. HP: 84/84 MP: 9/9
  8046 | Bailey   | Noticed an orc knight
  8060 | Bailey   | Killed an orc knight
  8126 | Bailey   | Reached skill level 12 in Bows
  8487 | Bailey   | Noticed an orc knight
  8487 | Bailey   | Noticed an orc knight
  8487 | Bailey   | Noticed an orc warlord
  8487 | Bailey   | Noticed an orc knight
  8848 | D:7      | Lost mutation: Your body sometimes deteriorates upon taking
                  | damage. [potion of mutation]
  8848 | D:7      | Lost mutation: Your spells are a little easier to cast, but
                  | a little less powerful. [potion of mutation]
  8848 | D:7      | Lost mutation: Your movements are slightly less encumbered
                  | by armour. (ER -2) [potion of mutation]
  8848 | D:7      | Gained mutation: You are robust. (+10% HP) [potion of
                  | mutation]
  8848 | D:7      | Gained mutation: Your muscles are strong. (Str +2) [potion
                  | of mutation]
  8940 | D:7      | Found a runed translucent gate.
  8943 | D:7      | Found a runed translucent gate.
  8943 | D:7      | Found a runed translucent gate.
  8944 | D:7      | Noticed tilp's ghost (novice TeAE)
  9209 | D:7      | Identified the -3 cloak "Vieseniug" {MR++ Dex-3} (You
                  | acquired it on level 7 of the Dungeon)
  9216 | D:7      | Bought a warped plate armour for 840 gold pieces
  9228 | D:7      | Identified the +1 plate armour of Wrong Decisions {rF+ rN+}
                  | (You bought it in a shop on level 7 of the Dungeon)
  9228 | D:7      | Bought a glowing cloak for 225 gold pieces
  9228 | D:7      | Bought a runed buckler for 225 gold pieces
  9228 | D:7      | Bought a shiny plate armour for 780 gold pieces
  9489 | D:8      | Reached skill level 1 in Long Blades
  9639 | D:8      | Found a white marble altar of Elyvilon.
  9651 | D:8      | Reached skill level 1 in Shields
  9673 | D:8      | Found a basalt altar of Yredelemnul.
 10041 | D:8      | Found a blossoming altar of Fedhas.
 10042 | D:8      | Found an ancient bone altar of Kikubaaqudgha.
 10342 | D:8      | Got an encrusted long sword
 10345 | D:8      | Identified the +10 long sword "Vude" {vorpal, rC+ Str+4
                  | Stlth+} (You found it on level 8 of the Dungeon)
 11051 | D:9      | Reached XP level 11. HP: 103/103 MP: 10/10
 11288 | D:9      | Found a glowing golden altar of the Shining One.
 11356 | D:9      | Found a staircase to the Orcish Mines.
 11546 | D:9      | Found a roughly hewn altar of Beogh.
 11720 | D:9      | Found a staircase to the Lair.
 11738 | D:9      | Reached skill level 13 in Bows
 11740 | D:9      | Reached skill level 5 in Long Blades
 11784 | D:9      | Found a runed translucent door.
 11785 | D:9      | Noticed Tenar's ghost (novice GrBe)
 11805 | D:9      | Killed Tenar's ghost
 12153 | D:9      | Bought a +3 amulet of reflection for 219 gold pieces
 12156 | D:10     | Entered Level 10 of the Dungeon
 12495 | D:10     | Found a shimmering altar of Xom.
 12669 | D:10     | Noticed an orc sorcerer
 12675 | D:10     | Noticed an orc knight
 12696 | D:10     | Paralysed by an orc sorcerer for 5 turns
 13143 | D:10     | Killed an orc sorcerer
 13168 | D:10     | Killed an orc knight
 13168 | D:10     | Reached skill level 14 in Bows
 13181 | D:10     | Noticed a two-headed ogre
 13187 | D:10     | Killed a two-headed ogre
 13385 | D:10     | Noticed an orc knight
 13394 | D:10     | Killed an orc knight
 13398 | D:10     | Reached XP level 12. HP: 95/115 MP: 11/11
 13883 | D:10     | Noticed Josephine
 13894 | D:10     | Killed Josephine
 13908 | D:10     | Reached skill level 5 in Shields
 14250 | D:11     | Noticed Fannar
 14309 | D:11     | Killed Fannar
 14309 | D:11     | Reached skill level 15 in Bows
 14526 | D:11     | Got an iridescent rapier
 14527 | D:11     | Identified the +1 rapier of Pestilence {vorpal, *Drain
                  | Dex+9 SInv} (You found it on level 11 of the Dungeon)
 14583 | D:11     | Reached skill level 10 in Fighting
 14719 | D:11     | Found Vyecazem's Book Boutique.
 14879 | D:11     | Got a crude arbalest
 14921 | D:11     | Identified the cursed +0 arbalest of Soppe {flame, rC++}
                  | (You found it on level 11 of the Dungeon)
 15571 | D:12     | Found Qoaw Diff's Antique Armour Shop.
 15583 | D:12     | Bought a pair of twisted gloves for 247 gold pieces
 15583 | D:12     | Bought shimmering acid dragon scales for 1170 gold pieces
 15593 | D:12     | Identified the +2 pair of gloves of Least Resistance {rN+
                  | Dex+4} (You bought it in a shop on level 12 of the Dungeon)
 15604 | D:12     | Identified the +6 acid dragon scales "Gidessui" {rCorr
                  | Dex+2} (You bought it in a shop on level 12 of the Dungeon)
 16359 | D:13     | Noticed a centaur warrior
 16362 | D:13     | Killed a centaur warrior
 16402 | D:13     | Reached skill level 16 in Bows
 16405 | D:13     | Learned a level 1 spell: Summon Small Mammal
 16419 | D:13     | Reached XP level 13. HP: 69/125 MP: 12/12
 16719 | Orc:1    | Entered Level 1 of the Orcish Mines
 16882 | Orc:2    | Entered Level 2 of the Orcish Mines
 16980 | Orc:2    | Noticed a stone giant
 18091 | Orc:2    | Found a staircase to the Elven Halls.
 18252 | Orc:2    | Killed a stone giant
 18297 | Orc:2    | Found Hiloama's Distillery.
 18303 | Orc:2    | Found Rocse's Food Emporium.
 18689 | Orc:2    | Reached skill level 17 in Bows
 18966 | Orc:2    | Reached skill level 1 in Evocations
 18999 | Orc:2    | Found Soxapipp's Weapon Boutique.
 19001 | Orc:2    | Found Jiuryoler's Assorted Antiques.
 19061 | Orc:2    | Bought a potion of heal wounds for 55 gold pieces
 19072 | Orc:2    | Bought a scroll labeled BUECAZ CYORIMN for 21 gold pieces
 19080 | Orc:2    | Bought a bone ring for 105 gold pieces
 19080 | Orc:2    | Bought a garnet ring for 105 gold pieces
 19080 | Orc:2    | Bought a runed arbalest for 157 gold pieces
 19087 | Orc:2    | Bought a glowing halberd for 147 gold pieces
 19094 | Orc:2    | Learned a level 2 spell: Poisonous Vapours
 19102 | Orc:2    | Bought a ration for 55 gold pieces
 19102 | Orc:2    | Bought a ration for 55 gold pieces
 19102 | Orc:2    | Bought a ration for 55 gold pieces
 19102 | Orc:2    | Bought a ration for 55 gold pieces
 19102 | Orc:2    | Bought a ration for 55 gold pieces
 19402 | Elf:1    | Entered Level 1 of the Elven Halls
 20278 | Lair:1   | Entered Level 1 of the Lair of Beasts
 21259 | Lair:2   | Found a staircase to the Swamp.
 21263 | Lair:2   | Reached XP level 14. HP: 137/137 MP: 14/14
 21762 | Lair:2   | Found a hole to the Spider Nest.
 21868 | Lair:2   | Identified the +10 war axe of Xavoav Podda {holy, *Drain
                  | rC+ Str+5}
 21891 | Lair:2   | Noticed kae's ghost (journeyman DrAE)
 21901 | Lair:2   | Found a transporter.
 21902 | Lair:2   | Found a bloodstained altar of Trog.
 21912 | Lair:2   | Reached skill level 18 in Bows
 21913 | Lair:2   | Found a transporter.
 21933 | Lair:2   | Identified the +0 spear "Jolog" {drain, Str+4 Int+3}
 22125 | Lair:2   | Identified the +2 spear "Kakk" {drain, rElec MR- MP+9}
 23429 | D:11     | Bought a manual of Polearms for 1656 gold pieces
 24727 | D:13     | Reached skill level 10 in Armour
 25445 | Orc:2    | Bought 12 arrows for 38 gold pieces
 26076 | D:14     | Reached skill level 5 in Dodging
 26135 | D:14     | Noticed Roxanne
 26177 | D:14     | Killed Roxanne
 26339 | D:14     | Found a shattered altar of Ashenzari.
 26412 | D:14     | Got an encrusted ring mail
 26423 | D:14     | Identified the +0 ring mail "Hafaacle" {rElec rC+++ Regen+
                  | Int-4} (You found it on level 14 of the Dungeon)
 26560 | D:14     | Got an iridescent dagger
 26575 | D:14     | Identified the +1 dagger of Disharmony {freeze, Fragile
                  | +Inv Str+4} (You found it on level 14 of the Dungeon)
 26620 | D:14     | Found a gate to the Vaults.
 26691 | D:14     | Reached XP level 15. HP: 148/148 MP: 16/16
 26827 | D:14     | Reached skill level 19 in Bows
 26828 | D:14     | Noticed Rupert
 26838 | D:14     | Killed Rupert
 27132 | D:14     | Got an ichor-stained ring mail
 27450 | D:15     | Entered Level 15 of the Dungeon
 28240 | D:15     | Found a staircase to the Depths.
 28255 | Depths:1 | Entered Level 1 of the Depths
 28272 | Depths:1 | Reached skill level 5 in Evocations
 28272 | Depths:1 | Noticed a fire giant
 28277 | Depths:1 | Killed a fire giant
 28471 | Depths:1 | Found a gateway to a ziggurat.
 28498 | Depths:1 | Reached skill level 20 in Bows
 28810 | Depths:1 | Reached skill level 10 in Long Blades
 28818 | Depths:1 | Reached XP level 16. HP: 161/161 MP: 18/18
 28826 | Depths:1 | Found Oluy's Gadget Boutique.
 28826 | Depths:1 | Found Quuss's Jewellery Shoppe.
 28832 | Depths:1 | Found Ruvickur's Jewellery Shoppe.
 28856 | Depths:1 | Identified the +1 ring mail of Amorality {rCorr} (You found
                  | it on level 14 of the Dungeon)
 28875 | Depths:1 | Bought a +6 ring of strength for 760 gold pieces
 29372 | Depths:1 | Found a gateway to Hell.
 30791 | Depths:2 | Reached skill level 15 in Fighting
 30930 | Depths:2 | Found Juxalol's Distillery.
 30943 | Depths:2 | Bought a potion of haste for 190 gold pieces
 30943 | Depths:2 | Bought a potion of heal wounds for 95 gold pieces
 30949 | Depths:2 | Identified the cursed +1 spear "Jellybane" {speed, *Slow
                  | rN+ Dex+2}
 31133 | Depths:2 | Noticed a tengu reaver
 31148 | Depths:2 | Killed a tengu reaver
 31396 | Depths:2 | Found a large runed translucent door.
 31399 | Depths:2 | Found a large runed translucent door.
 31444 | Depths:2 | Noticed LostGamesStreakFreak's ghost (veteran CeHu)
 31795 | Depths:2 | Found a sparkling altar of Nemelex Xobeh.
 31855 | Depths:2 | Reached skill level 21 in Bows
 31905 | Depths:2 | Reached XP level 17. HP: 98/173 MP: 20/20
 32181 | Depths:2 | Found a portal to a secret trove of treasure.
 34213 | Depths:2 | Killed LostGamesStreakFreak's ghost
 34260 | Depths:2 | Identified Further Steps in Spellcraft
 34802 | Elf:1    | Reached skill level 1 in Polearms
 35427 | Elf:1    | Found Juet's Antique Weapon Shoppe.
 35435 | Elf:1    | Bought a runed scimitar for 154 gold pieces
 35638 | Elf:1    | Found Honot's Distillery.
 35653 | Elf:1    | Bought a potion of haste for 140 gold pieces
 35699 | Elf:1    | Noticed an Ice Fiend
 36183 | Elf:1    | Found a runed translucent gate.
 36183 | Elf:1    | Found a runed translucent gate.
 36183 | Elf:1    | Found a runed translucent gate.
 36183 | Elf:1    | Found a runed translucent gate.
 36183 | Elf:1    | Found a runed translucent gate.
 36185 | Elf:1    | Found a runed translucent gate.
 37616 | D:12     | Bought shadow dragon scales for 2080 gold pieces
 37913 | D:7      | Bought a shiny plate armour for 780 gold pieces
 38071 | D:7      | Killed tilp's ghost
 38280 | Swamp:1  | Entered Level 1 of the Swamp
 38388 | Swamp:1  | Reached XP level 18. HP: 187/187 MP: 22/22
 39073 | Swamp:2  | Reached skill level 5 in Polearms
 39171 | Swamp:2  | Noticed Jorgrun
 39184 | Swamp:2  | Killed Jorgrun
 40010 | Swamp:2  | You are sucked into a shaft and drop 1 floor!
 40038 | Swamp:3  | Reached skill level 22 in Bows
 40775 | Swamp:4  | Entered Level 4 of the Swamp
 40916 | Swamp:4  | Got a decaying rune of Zot
 41110 | Swamp:4  | Got a translucent war axe
 41113 | Swamp:4  | Identified the cursed +1 war axe of Gaelist {holy, rC+
                  | Int+4} (You found it on level 4 of the Swamp)
 42066 | Lair:2   | Killed kae's ghost
 42096 | Lair:2   | Identified the +0 pair of gloves "Damnable Contraption"
                  | {Int+2 Dex+4} (You acquired it on level 2 of the Lair of
                  | Beasts)
 42096 | Lair:2   | Identified the ring of Pyqoestru {rN+ Str+3 SInv} (You
                  | acquired it on level 2 of the Lair of Beasts)
 42425 | Lair:3   | Noticed Sonja
 42427 | Lair:3   | Killed Sonja
 43543 | Lair:4   | Got a pitted chain mail
 43554 | Lair:4   | Identified the +6 chain mail "Talong" {rElec Regen+ Str-4
                  | Dex+3} (You found it on level 4 of the Lair of Beasts)
 44093 | Lair:4   | You fall into a shaft and drop 2 floors!
 44093 | Lair:6   | Entered Level 6 of the Lair of Beasts
 44113 | Lair:6   | Found a staircase to the Slime Pits.
 44270 | Lair:6   | Reached XP level 19. HP: 183/198 MP: 24/24
 44335 | Lair:6   | Found a gate leading to a gauntlet.
 44350 | Gauntlet | Entered a Gauntlet
 44350 | Gauntlet | Found a transporter.
 44350 | Gauntlet | Found a transporter.
 44350 | Gauntlet | Found a transporter.
 44367 | Gauntlet | Found a transporter.
 44367 | Gauntlet | Found a transporter.
 44375 | Gauntlet | Found a transporter.
 44378 | Gauntlet | Found a transporter.
 44387 | Gauntlet | Found a transporter.
 44405 | Gauntlet | Found a transporter.
 44425 | Gauntlet | Found a transporter.
 44428 | Gauntlet | Found a transporter.
 44440 | Gauntlet | Found a transporter.
 45994 | Slime:1  | Entered Level 1 of the Pits of Slime
 49216 | Slime:4  | Gained mutation: Scrolls take you a little longer to read.
                  | [a shining eye]
 49218 | Slime:4  | Lost mutation: You are robust. (+10% HP) [a shining eye]
 49220 | Slime:4  | Gained mutation: You tend to lose your temper in combat. [a
                  | shining eye]
 49223 | Slime:4  | Gained mutation: Potions are less effective at restoring
                  | your health. [a shining eye]
 49235 | Slime:4  | Reached skill level 10 in Dodging
 49235 | Slime:4  | Gained mutation: You often lose your temper in combat. [a
                  | shining eye]
 49259 | Slime:4  | Gained mutation: You are occasionally teleported next to
                  | monsters. [a shining eye]
 49576 | Slime:4  | Gained mutation: Your magical capacity is low. (-10% MP) [a
                  | shining eye]
 49577 | Slime:4  | Gained mutation: You are frail. (-10% HP) [a shining eye]
 50278 | Slime:5  | Entered Level 5 of the Pits of Slime
 50547 | Slime:4  | Reached skill level 23 in Bows
 50975 | Slime:3  | Reached skill level 10 in Polearms
 52458 | Slime:4  | Reached XP level 20. HP: 48/171 MP: 22/22
 55158 | Vaults:1 | Entered Level 1 of the Vaults
 55158 | Vaults:1 | Found Jurid's Armour Shoppe.
 56322 | Vaults:1 | Found a roughly hewn altar of Beogh.
 56536 | Vaults:1 | You fall into a shaft and drop 1 floor!
 56820 | Vaults:2 | Noticed Donald
 56846 | Vaults:2 | Killed Donald
 57245 | Vaults:2 | Noticed Jory
 57264 | Vaults:2 | Killed Jory
 57459 | Vaults:2 | Cast into level 3 of the Abyss (a deep elf sorcerer)
 57596 | Vaults:2 | Escaped the Abyss
 57825 | Vaults:2 | Reached XP level 21. HP: 171/181 MP: 24/24
 60350 | D:4      | Bought the +6 dagger "Dyng" {antimagic, Int+4} for 5140
                  | gold pieces
 60655 | Depths:2 | You paid a toll of the dagger "Dyng" to enter a treasure
                  | trove
 60656 | Trove    | Entered a treasure trove
 60659 | Trove    | Found the cursed necklace of Bloodlust {*Rage +Rage MR++
                  | Int-3 Slay+6 *Curse}
 60661 | Trove    | Got a steaming lead amulet
 60674 | Trove    | Identified the amulet "Ajirghis" {Fragile rElec MR+ Regen+
                  | Int+6} (You found it in a treasure trove)
 60677 | Trove    | Got a warped silver ring
 60688 | Trove    | Identified the cursed ring "Depotila" {+Fly rElec Str+3
                  | Int-4 Dex-2} (You found it in a treasure trove)
 60690 | Trove    | Got a slimy granite ring
 60695 | Trove    | Got a serpentine zirconium amulet
 60702 | Trove    | Identified the amulet of Zeumoq {Acrobat -Tele rElec rPois
                  | Dex+6} (You found it in a treasure trove)
 60704 | Trove    | Identified the ring "Afoassun" {Str+7 Int+3 Stlth-} (You
                  | found it in a treasure trove)
 60718 | Trove    | Got a warped bronze amulet
 60721 | Trove    | Identified the amulet of Dithmenos's Anger {Harm *Drain
                  | rElec rPois Str+2} (You found it in a treasure trove)
 60723 | Trove    | Got a scintillating tin ring
 60730 | Trove    | Got a translucent silver amulet
 60737 | Trove    | Got a crude turquoise ring
 60741 | Trove    | Identified the ring "Doleluma" {rF+ Str+6 Int+2} (You found
                  | it in a treasure trove)
 60745 | Trove    | Got a wavering golden ring
 60759 | Trove    | Identified the ring of the Nine Hells {-Tele rPois rF++
                  | Str-3 Int+3} (You found it in a treasure trove)
 60761 | Trove    | Identified the ring "Arynubb" {MP+9 AC+2 Dex-4 Slay+4} (You
                  | found it in a treasure trove)
 60763 | Trove    | Identified the amulet "Feged" {RegenMP MR+} (You found it
                  | in a treasure trove)
 60904 | Hell     | Entered the Vestibule of Hell
 60904 | Hell     | Noticed Geryon
 61677 | Slime:5  | Found a viscous altar of Jiyva.
 61680 | Slime:5  | Noticed the Royal Jelly
 61711 | Slime:5  | Killed the Royal Jelly
 61741 | Slime:5  | HP: 7/182 [acid blob/splash of acid (5)]
 61741 | Slime:5  | HP: 2/182 [acid (5)]
 61742 | Slime:5  | Killed from afar by an acid blob

Levels and vault maps discovered:
D:1:      ncdulo_lavacross, layout_basic, minmay_fountain_box
D:2:      layout_loops_ring, nicolae_overflow_crystal_walls
D:3:      layout_basic, minmay_fractal_squares_diagonal_5
D:4:      layout_layer_cave, trog_eyes_of_draining,
          nicolae_gozag_zags_fifth_avenue, minmay_temple_entry_steel_oval,
          first_ration, uniq_edmund, uniq_pikel, uniq_grinder, uniq_eustachio
D:5:      layout_basic, nicolae_overflow_hidden_temple,
          overflow_temple_1_default, portal_sewer_entry_f
D:6:      layout_rooms, serial_bayou, serial_bayou_lagoon_a,
          serial_bayou_pond_d, serial_bayou_pond_a, serial_bayou_pond_e,
          nicolae_ossuary_entry_monument, item_on_display_a, uniq_maggie
D:7:      layout_loops_ring, enter_bailey_3, gammafunk_ghost_necromancy,
          uniq_duvessa
D:8:      minmay_weird_star, layout_basic, lemuel_doored_altar,
          kennysheep_mini_moat, grunt_temple_overflow_growth_and_decay
D:9:      layout_basic, lemuel_crystal_altar, lair_entry_dummy,
          minmay_orc_entry_temple_small, gammafunk_ghost_grave, serial_ice,
          serial_ice_i, serial_ice_n, serial_ice_f, serial_ice_m, serial_ice_h
D:10:     lemuel_castle_with_subvaults [lemuel_castle_interior_carwin_2],
          layout_irregular_city, basic_altar, uniq_josephine
D:11:     layout_long_grid, serial_shops, nicolae_shop_statue_plus, uniq_fannar
D:12:     layout_long_grid, serial_shops, nicolae_shop_stone
D:13:     minmay_shoctagon, layout_irregular_city, the_bakery
D:14:     layout_cave_pools, hangedman_vaults_entry_quadrant_bands,
          nicolae_ashenzari_panopticon, uniq_rupert, uniq_roxanne
D:15:     grunt_enter_depths_magical_seal, layout_long_grid,
          nrook_pool_corridor, item_on_display_a
Lair:1:   layout_small_grid, nicolae_quartered_pool_little, minmay_hedge_maze,
          serial_bayou_pond_c
Lair:2:   beast_lair_carwin_large_1, layout_chaotic_city,
          skrybe_swamp_entry_bodies, spider_nest_entry_webs,
          gammafunk_ghost_wrathful_warriors
Lair:3:   layout_chaotic_city, uniq_sonja
Lair:4:   layout_gridlike, serial_bayou_pond_e, minivault_29
Lair:5:   layout_roguey
Lair:6:   gammafunk_lair_ancient_temple, layout_small_grid,
          minmay_slime_entry_pillars, gauntlet_entry_generic,
          serial_bayou_shore_a
Swamp:1:  layout_basic_swamp, evilmike_swamp_ruin_house_3, swamp_pool3
Swamp:2:  layout_falls_marsh, wheals_swamp_sinkhole, swamp_pool5,
          hangedman_swamp_lotus, nicolae_swamp_trees_clearing, uniq_jorgrun
Swamp:3:  layout_basic_swamp, hangedman_swamp_ruin_hall
Swamp:4:  swamp, layout_basic_swamp, swamp_pool5
Slime:1:  layout_caves
Slime:2:  layout_caves, nicolae_slime_welcoming_committee
Slime:3:  layout_caves
Slime:4:  layout_caves
Slime:5
Orc:1:    layout_caves, serial_shops, nicolae_orc_rockfall
Orc:2:    st_orc_elflike, layout_diamond_mine
Elf:1:    minmay_elf_arrival_summoners, layout_loops_corners, serial_shops,
          nicolae_shop_crystal, shop_statue, orc_legates
Elf:2:    layout_geoelf_grid
Vaults:1: v_misc_33, v_alt_pattern_2, nicolae_vaults_network_barrier,
          vaults_mumra_minichess, special_room_vaults [special_room_orc],
          ontoclasm_vaults_ring_small, grunt_vaults_swirl,
          vaults_room_grunt_arrival_ludios, vaults_room_pool,
          vaults_dpeg_spiral, vaults_dpeg_hooks, layout_vaults_big_cross,
          serial_shops, nicolae_shop_waterfront
Vaults:2: ontoclasm_vaults_decontamination, v_misc_3, vaults_room_hallway,
          ontoclasm_vaults_hangar, vaults_room_octagon, v_misc_2,
          nicolae_vaults_meeting, ontoclasm_vaults_ring_square,
          hangedman_vaults_hat, nicolae_vaults_little_ls,
          nicolae_vaults_angled_halls, v_misc_8,
          nicolae_vaults_mini_display_case, v_misc_26, layout_vaults_omnibox,
          serial_shops, shop, uniq_donald, uniq_jory, uniq_boris
Depths:1: layout_cave_shapes, enter_ziggurat_e, grunt_mini_vestibule,
          minmay_misc_feat_iff, minmay_misc_feat_plants,
          hangedman_decor_peaks_small, minmay_strange_pillars,
          serial_sigils_hangedman_scratch, drop_trap, kennysheep_generic_room_7,
          minmay_shop_grove
Depths:2: hangedman_elemental_death_ray, layout_long_grid, enter_trove_5,
          serial_shops, nicolae_shop_stone, hangedman_decor_growths,
          ebering_ghost_disaster_area, hell_entry,
          nemelex_xobeh_ov_fountains_minmay
Depths:3: minmay_distorted_concentric_squares, layout_basic, hell_entry,
          rand_demon_pan_entry_8, dk_noncrumbling_3
Hell

Skill      XL: |  1  2  3  4  5  6  7  8  9 10 11 12 13 14 15 16 17 18 19 20 |
---------------+-------------------------------------------------------------+-----
Bows           | 5 7 9 11 12 14 16 17 18 20 21 22 23 | 23.9
Maces & Flails | 1 3 5 6 7 8 9 |  9.3
Stealth        | 1 2 3 4 |  4.5
Dodging        | 3 5 6 7 8 9 10 11 | 11.5
Fighting       | 4 5 6 8 9 10 11 13 14 15 17 18 19 20 | 20.9
Armour         | 2 3 5 6 7 9 10 11 12 13 14 | 14.6
Long Blades    | 3 5 7 8 9 10 11 12 13 | 13.9
Shields        | 2 4 6 |  6.9
Evocations     | 2 3 5 6 7 8 9 |  9.4
Polearms       | 4 7 10 12 | 12.6
Axes           | |  0.3
Throwing       | |  0.3

Action                   |  1- 3 |  4- 6 |  7- 9 | 10-12 | 13-15 | 16-18 | 19-21 || total
-------------------------+-------+-------+-------+-------+-------+-------+-------++-------
Melee: Mace              |    14 |   130 |       |       |       |       |       ||   144
       Headbutt          |     2 |    23 |    54 |    54 |    55 |     3 |    61 ||   252
       Whip              |       |       |    19 |       |       |       |       ||    19
       Dire flail        |       |       |   212 |       |       |       |       ||   212
       Scimitar          |       |       |       |    69 |       |       |       ||    69
       Long sword        |       |       |       |    76 |   104 |     9 |   131 ||   320
       Hand axe          |       |       |       |    47 |       |       |       ||    47
       Longbow           |       |       |       |       |       |       |     3 ||     3
 Fire: Shortbow          |    75 |       |   296 |       |       |       |       ||   371
       Longbow           |       |       |    53 |   771 |  1103 |  1405 |  1280 ||  4612
Throw: Dart              |       |     5 |     1 |    15 |     2 |       |       ||    23
       Javelin           |       |       |       |       |       |       |    37 ||    37
Invok: Call Merchant     |       |       |       |     2 |       |       |       ||     2
 Abil: Evoke Flight      |       |       |       |       |       |     2 |     4 ||     6
Evoke: Wand              |       |       |       |     9 |     1 |     1 |       ||    11
       Fan of gales      |       |       |       |       |       |       |     1 ||     1
       Lamp of fire      |       |       |       |       |       |       |     1 ||     1
  Use: Scroll            |     5 |     3 |    15 |    17 |    14 |    16 |    22 ||    92
       Potion            |       |     1 |     5 |    12 |     7 |     4 |    27 ||    56
 Stab: Sleeping          |     1 |       |       |       |     1 |       |     1 ||     3
  Eat: Chunk             |     1 |       |       |       |       |       |       ||     1
       Ration            |       |     2 |     4 |     8 |    11 |    14 |    15 ||    54
Armor: Leather armour    |     7 |    14 |       |       |       |       |       ||    21
       Scale mail        |       |    12 |       |       |       |       |       ||    12
       Plate armour      |       |    64 |   218 |   349 |       |       |       ||   631
       Acid dragon scale |       |       |       |     6 |   204 |   166 |   244 ||   620
       Chain mail        |       |       |       |       |       |     8 |    52 ||    60
Dodge: Dodged            |    19 |    68 |   151 |   159 |   289 |   249 |   513 ||  1448
Block: Buckler           |       |       |       |    36 |       |       |    38 ||    74
       Other             |       |       |       |    17 |    44 |    30 |    64 ||   155
       Reflection        |       |       |       |     4 |     4 |     3 |     9 ||    20
       Rpst.: Long sword |       |       |       |     8 |     9 |     1 |    13 ||    31
       Scimitar          |       |       |       |     1 |       |       |       ||     1

Table legend:
 A = Non-vault XP
 B = Vault XP
 C = Vault XP percentage of total XP
 D = Non-vault monster count
 E = Vault monster count
 F = Vault count percentage of total count
                 A         B        C        D         E       F
            +---------+---------+-------+---------+---------+-------
      Total |  422613 |  205937 |  32.8 |    1161 |     578 |  33.2
            +---------+---------+-------+---------+---------+-------
        D:1 |      32 |       0 |   0.0 |      18 |       0 |   0.0
        D:2 |      52 |       0 |   0.0 |      17 |       0 |   0.0
        D:3 |      63 |      56 |  47.1 |      17 |       7 |  29.2
        D:4 |     245 |    1651 |  87.1 |      11 |       7 |  38.9
        D:5 |     605 |      12 |   1.9 |      25 |       5 |  16.7
        D:6 |     847 |     424 |  33.4 |      22 |       1 |   4.3
        D:7 |    1013 |     848 |  45.6 |      29 |      11 |  27.5
        D:8 |    2209 |       0 |   0.0 |      43 |       0 |   0.0
        D:9 |    2735 |    2859 |  51.1 |      34 |      30 |  46.9
       D:10 |    3012 |    7789 |  72.1 |      29 |      57 |  66.3
       D:11 |    3347 |     997 |  23.0 |      35 |       1 |   2.8
       D:12 |    3796 |       0 |   0.0 |      48 |       0 |   0.0
       D:13 |   19160 |    2312 |  10.8 |      69 |       7 |   9.2
       D:14 |   15792 |   12318 |  43.8 |      40 |      22 |  35.5
       D:15 |   13453 |    7124 |  34.6 |      44 |       9 |  17.0
     Lair:1 |    4182 |       0 |   0.0 |      13 |       0 |   0.0
     Lair:2 |    5246 |    6362 |  54.8 |      24 |      23 |  48.9
     Lair:3 |    3151 |     828 |  20.8 |       9 |       2 |  18.2
     Lair:4 |    1888 |    8060 |  81.0 |       8 |      44 |  84.6
     Lair:5 |    4458 |       0 |   0.0 |      11 |       0 |   0.0
     Lair:6 |   17620 |   10117 |  36.5 |      36 |      29 |  44.6
    Swamp:1 |    8153 |       0 |   0.0 |      21 |       0 |   0.0
    Swamp:2 |    9341 |    2950 |  24.0 |      28 |       1 |   3.4
    Swamp:3 |   12856 |       0 |   0.0 |      22 |       0 |   0.0
    Swamp:4 |    8377 |   21017 |  71.5 |      18 |      30 |  62.5
    Slime:1 |    6364 |       0 |   0.0 |      22 |       0 |   0.0
    Slime:2 |   26566 |    1563 |   5.6 |      41 |       4 |   8.9
    Slime:3 |   13005 |       0 |   0.0 |      17 |       0 |   0.0
    Slime:4 |   22443 |       0 |   0.0 |      44 |       0 |   0.0
    Slime:5 |   10569 |   19483 |  64.8 |      27 |       6 |  18.2
      Orc:1 |    2632 |       0 |   0.0 |      39 |       0 |   0.0
      Orc:2 |    4956 |    9633 |  66.0 |      32 |      27 |  45.8
      Elf:1 |   23931 |   15742 |  39.7 |      40 |      29 |  42.0
      Elf:2 |     727 |       0 |   0.0 |       1 |       0 |   0.0
   Vaults:1 |   42760 |   16501 |  27.8 |      64 |      43 |  40.2
   Vaults:2 |   35527 |   27922 |  44.0 |      53 |      39 |  42.4
   Depths:1 |   34189 |    5716 |  14.3 |      47 |       9 |  16.1
   Depths:2 |   52514 |   15528 |  22.8 |      58 |      16 |  21.6
   Depths:3 |    4607 |       0 |   0.0 |       3 |       0 |   0.0
       Hell |     145 |       0 |   0.0 |       1 |       0 |   0.0
    Abyss:3 |      45 |      41 |  47.7 |       1 |       4 |  80.0
      Sewer |       0 |     130 | 100.0 |       0 |      10 | 100.0
    Ossuary |       0 |     446 | 100.0 |       0 |      37 | 100.0
     Bailey |       0 |    1992 | 100.0 |       0 |      55 | 100.0
   Gauntlet |       0 |    5516 | 100.0 |       0 |      13 | 100.0
            +---------+---------+-------+---------+---------+-------
